 Dungeon Crawl Stone Soup version 0.25-a0-294-gea9b1ad378 (webtiles) character file.

Game seed: 5244434040362967331, levelgen mode: classic

4748 Borgoz the Cruncher (level 10, -1/61 HPs)
             Began as a Gargoyle Gladiator on Dec 18, 2019.
             Was a Follower of Ashenzari.
             Slain by a yak (12 damage)
             ... on level 9 of the Dungeon.
             The game lasted 00:16:29 (7788 turns).

Borgoz the Cruncher (Gargoyle Gladiator)            Turns: 7788, Time: 00:16:29

Health: -1/61      AC: 14    Str: 18    XL:     10   Next: 46%
Magic:  10/10      EV: 15    Int:  9    God:    Ashenzari [*.....]
Gold:   585        SH:  0    Dex: 14    Spells: 5/9 levels left

rFire    . . .     SeeInvis +   a - +0 quarterstaff
rCold    . . .     Gourm    .   (shield currently unavailable)
rNeg     + . .     Faith    .   v - +2 leather armour {MR+}
rPois    ∞         Spirit   .   c - +0 helmet
rElec    +         Reflect  .   (no cloak)
rCorr    +         Harm     .   (no gloves)
MR       +....                  (no boots)
Stlth    +.........             (no amulet)
HPRegen  0.20/turn              q - ring of see invisible
MPRegen  0.12/turn              y - ring of resist corrosion

@: no status effects
A: negative energy resistance 1, electricity resistance, unbreathing,
petrification resistance, rot immunity, AC +7
a: Curse Item, Scrying, Renounce Religion


You were on level 9 of the Dungeon.
You worshipped Ashenzari.
Ashenzari was aware of your devotion.
You were hungry.

You visited 1 branch of the dungeon, and saw 9 of its levels.

You collected 585 gold pieces.

Inventory:

Hand Weapons
 a - a +0 quarterstaff (weapon)
Missiles
 d - 3 throwing nets (quivered)
Armour
 c - a +0 helmet (worn)
 t - a +3 leather armour of cold resistance
 v - a +2 leather armour of magic resistance (worn)
Jewellery
 q - a ring of see invisible (left hand)
 y - a ring of resist corrosion (right hand)
 F - the ring of the Duchess {+Fly Int+2}
   (You found it on level 8 of the Dungeon)

   [ring of flight]

   It affects your intelligence (+2).
   It lets you fly.
Wands
 b - a wand of paralysis (21)
 i - a wand of scattershot (7)
 s - a wand of polymorph (3)
 A - a wand of enslavement (9)
 B - a wand of random effects (13)
Scrolls
 h - 2 scrolls of enchant weapon {unknown}
 k - 3 scrolls of amnesia
 l - 3 scrolls of enchant armour
 m - a scroll of blinking {unknown}
 n - a scroll of random uselessness {unknown}
 o - 3 scrolls of teleportation
 w - 2 scrolls of fog {unknown}
 x - a scroll of immolation {unknown}
 C - 2 scrolls of noise {unknown}
 E - a scroll of vulnerability {unknown}
 G - 2 scrolls of remove curse
Potions
 e - 3 potions of curing
 g - 3 potions of flight
 j - 2 potions of haste
 p - 3 potions of lignification
 r - a potion of might {unknown}
 u - a potion of magic
 z - a potion of agility
Comestibles
 f - 7 rations


   Skills:
 + Level 6.5 Fighting
 + Level 10.2 Staves
 - Level 1.7 Throwing
 + Level 7.6 Armour
 + Level 6.3 Dodging


You had 5 spell levels left.
You knew the following spells:

 Your Spells              Type           Power        Failure   Level  Hunger
a - Confusing Touch       Hex            #.....       43%         1    ##.....
b - Confuse               Hex            #.......     80%         3    ####...

Your spell library contained the following spells:

 Spells                   Type           Power        Failure   Level  Hunger
 Gell's Gravitas          Tloc           #.........   80%         3    ####...
 Petrify                  Tmut/Erth      #.......     99%         4    #####..
 Metabolic Englaciation   Hex/Ice        #.........   100%        5    ######.
 Yara's Violent Unravell  Hex/Tmut       #.........   100%        5    ######.


Dungeon Overview and Level Annotations

Branches:
Dungeon (9/15)             Temple (0/1) D:6
   Lair: D:8-11         Orc: D:9-12

Altars:
Ashenzari
Cheibriados
Dithmenos
Hepliaklqana
Kikubaaqudgha
Qazlal
Xom

Shops:
D:5 ([!   D:8 ::[[(

Annotations:
D:7 1 runed translucent door, grouchysmurf's ghost, novice OgTm


Innate Abilities, Weirdness & Mutations

You are resistant to torment.
Your stone body is resilient. (AC +7)
You are immune to poison.
You resist negative energy. (rN+)
You are resistant to electric shocks. (rElec)
You can survive without breathing.
You are immune to petrification.
You are immune to rotting.


Message History

You hit the yak.
The yak is almost dead.
The yak gores you but does no damage.
You hit the yak.
The yak is almost dead.
The yak gores you but does no damage. The yak barely misses you.
You hit the yak.
You kill the yak!
The yak gores you.
* * * LOW HITPOINT WARNING * * *
You barely miss the yak.
The yak is lightly wounded.
You feel less wooden.
Your +0 helmet unmelds from your body.
Your +2 leather armour of magic resistance unmelds from your body.
You feel resistant to hostile enchantments.
The yak barely misses you. The yak gores you.
* * * LOW HITPOINT WARNING * * *
The yak gores you!
You die...

## #.# #..#
#...+ ##....#
##.....#
##.....#
#.Y@Y.#
#######Y#####..
....z..Y...Y...
......#....#...
......####.Y...
..... ##Y.#
..... .# .... #
....


You could see 4 yaks.

Vanquished Creatures
  Pikel (D:5)
  A hippogriff (D:7)
  3 yaks (D:9)
  Sigmund (D:5)
  A hungry ghost (D:8)
  A water moccasin (D:7)
  Duvessa (D:4)
  4 ice beasts
  3 orc warriors
  4 slaves
  2 ogres
  2 phantoms
  3 black bears
  A big kobold (D:8)
  Dowan (D:4)
  A scorpion (D:8)
  6 wights
  6 howler monkeys
  A centaur zombie (D:6)
  2 crimson imps
  6 hounds
  A bullfrog skeleton (D:8)
  3 orc priests
  5 orc wizards
  Ijyb (D:3)
  5 iguanas
  6 worker ants
  2 worker ant zombies
  5 gnolls
  A howler monkey skeleton (D:8)
  15 adders
  A shadow imp (D:8)
  2 oozes
  An adder zombie (D:7)
  3 worms
  4 dart slugs
  7 leopard geckos
  16 orcs
  5 giant cockroaches
  6 goblins
  8 hobgoblins
  6 jackals
  3 quokkas
  3 bats (D:1)
  6 frilled lizards
  A jackal skeleton (D:4)
  13 kobolds
  2 leopard gecko skeletons
  6 rats
188 creatures vanquished.

Vanquished Creatures (others)
  A sky beast (D:3)
  An orc wizard (D:5)
2 creatures vanquished.

Grand Total: 190 creatures vanquished

Notes
Turn   | Place    | Note
-------+----------+-------------------------------------------
     0 | D:1      | Borgoz the Gargoyle Gladiator began the quest for the Orb.
     0 | D:1      | Reached XP level 1. HP: 12/12 MP: 1/1
    15 | D:1      | Reached XP level 2. HP: 15/18 MP: 2/2
   123 | D:1      | Reached skill level 1 in Armour
   217 | D:1      | Reached XP level 3. HP: 20/22 MP: 3/3
   530 | D:2      | Reached XP level 4. HP: 25/27 MP: 4/4
   659 | D:2      | Reached skill level 4 in Staves
   792 | D:2      | Reached XP level 5. HP: 32/32 MP: 5/5
  1008 | D:3      | Noticed Ijyb
  1021 | D:3      | Killed Ijyb
  1147 | D:3      | Noticed a sky beast
  1163 | D:3      | Killed a sky beast
  1163 | D:3      | Reached XP level 6. HP: 27/37 MP: 6/6
  1745 | D:4      | Found an ancient bone altar of Kikubaaqudgha.
  1765 | D:4      | Found a shattered altar of Ashenzari.
  1767 | D:4      | Noticed Duvessa
  1769 | D:4      | Noticed Dowan
  1773 | D:4      | Became a worshipper of Ashenzari the Shackled
  1802 | D:4      | Reached skill level 5 in Staves
  1955 | D:4      | Found a snail-covered altar of Cheibriados.
  1998 | D:4      | Found a hazy altar of Hepliaklqana.
  2006 | D:5      | Entered Level 5 of the Dungeon
  2006 | D:5      | Noticed a phantom
  2024 | D:5      | Killed a phantom
  2024 | D:5      | Reached XP level 7. HP: 43/43 MP: 7/7
  2310 | D:5      | Noticed Pikel
  2471 | D:5      | Found a shadowy altar of Dithmenos.
  2527 | D:5      | Killed Pikel
  2527 | D:5      | Reached skill level 5 in Fighting
  2527 | D:5      | Reached skill level 6 in Staves
  2527 | D:5      | Reached XP level 8. HP: 33/49 MP: 8/8
  2630 | D:5      | Noticed Sigmund
  2640 | D:5      | Killed Sigmund
  2650 | D:5      | Reached skill level 7 in Staves
  2691 | D:5      | Found Seabau Jejuc's Armour Emporium.
  2761 | D:5      | Found Kuynuwan's Distillery.
  2900 | D:4      | Reached skill level 5 in Armour
  3014 | D:4      | Killed Duvessa
  3014 | D:4      | Reached XP level 9. HP: 38/55 MP: 9/9
  3028 | D:4      | Killed Dowan
  3862 | D:5      | Found Xeuthrem's Antique Weapon Shop.
  4024 | D:6      | Reached skill level 8 in Staves
  4078 | D:6      | Found a shimmering altar of Xom.
  4123 | D:6      | Reached * piety under Ashenzari
  4130 | D:6      | Reached skill level 5 in Dodging
  4340 | D:6      | Found a stormy altar of Qazlal.
  4495 | D:6      | Found a staircase to the Ecumenical Temple.
  4718 | D:7      | Found a runed translucent door.
  4718 | D:7      | Noticed grouchysmurf's ghost (novice OgTm)
  5226 | D:7      | Reached skill level 9 in Staves
  5853 | D:7      | Reached XP level 10. HP: 60/60 MP: 10/10
  6031 | D:8      | Found Qapnoriu's Antique Armour Shoppe.
  6230 | D:8      | Found Otao's Weapon Shop.
  6267 | D:8      | Found Omuycw's Antique Armour Shoppe.
  6681 | D:8      | Found Xaiptiw's Book Shoppe.
  6704 | D:8      | Reached skill level 10 in Staves
  6722 | D:8      | Learned a level 1 spell: Confusing Touch
  6726 | D:8      | Learned a level 3 spell: Confuse
  7410 | D:8      | Found Gazahymm's Book Emporium.
  7412 | D:8      | Identified the ring of the Duchess {+Fly Int+2}
  7788 | D:9      | Slain by a yak

Levels and vault maps discovered:
D:1:      wander_arrival_abandoned_jail, layout_rooms
D:2:      layout_rooms, first_ration
D:3:      layout_basic, kennysheep_generic_room_11, uniq_ijyb
D:4:      black_bear_nest_1, layout_basic, lemuel_crystal_altar,
          nicolae_overflow_crystal_walls, lemuel_doored_altar,
          kennysheep_mini_moat, nrook_loot_triangle, kennysheep_generic_room_4,
          uniq_duvessa
D:5:      layout_loops_ring, lemuel_crystal_altar, serial_shops, shop_fountains,
          shop, shop, grunt_ministairs_5, uniq_pikel, uniq_sigmund
D:6:      layout_gridville, lemuel_crystal_altar,
          nicolae_qazlal_style_of_elements, minmay_temple_entry_statues_pillars
D:7:      layout_gridville, gammafunk_ghost_grave, st_stairs_1
D:8:      layout_basic, serial_shops, shop,
          nicolae_shop_temple_entry_statues_fountains,
          nicolae_shop_overgrown_old_shop, kennysheep_little_box, shop
D:9:      layout_layer_cave, lemuel_round_altar, okawaru_metal_pillars_1_2,
          lightli_temple_of_fire, minmay_quadrilaterals

Skill      XL: |  1  2  3  4  5  6  7  8  9 10 |
---------------+-------------------------------+-----
Armour         | 1 2 3 4 5 6 7 |  7.6
Staves         | 4 5 6 7 9 10 | 10.2
Fighting       | 3 4 5 6 |  6.5
Dodging        | 3 4 5 6 |  6.3
Throwing       | |  1.7

Action                   |  1- 3 |  4- 6 |  7- 9 | 10-12 || total
-------------------------+-------+-------+-------+-------++-------
Melee: Quarterstaff      |   102 |   183 |   465 |   254 ||  1004
Throw: Throwing net      |       |       |     2 |       ||     2
  Use: Scroll            |       |     3 |     3 |     5 ||    11
       Potion            |       |       |     2 |     4 ||     6
 Stab: Sleeping          |       |       |       |     1 ||     1
  Eat: Chunk             |       |     4 |    13 |     7 ||    24
       Ration            |       |       |       |     2 ||     2
Armor: Leather armour    |    63 |    40 |   189 |    94 ||   386
       Ring mail         |       |    22 |       |       ||    22
       Skin              |       |     2 |    13 |    46 ||    61
Dodge: Dodged            |    92 |   104 |   336 |   167 ||   699

Table legend:
 A = Non-vault XP
 B = Vault XP
 C = Vault XP percentage of total XP
 D = Non-vault monster count
 E = Vault monster count
 F = Vault count percentage of total count
                 A         B        C        D         E       F
            +---------+---------+-------+---------+---------+-------
      Total |    5346 |    1438 |  21.2 |     175 |      11 |   5.9
            +---------+---------+-------+---------+---------+-------
        D:1 |      49 |       0 |   0.0 |      26 |       0 |   0.0
        D:2 |     116 |       0 |   0.0 |      22 |       0 |   0.0
        D:3 |     194 |      36 |  15.7 |      21 |       1 |   4.5
        D:4 |     289 |     390 |  57.4 |      13 |       4 |  23.5
        D:5 |     756 |     854 |  53.0 |      17 |       4 |  19.0
        D:6 |     830 |       0 |   0.0 |      16 |       0 |   0.0
        D:7 |    1078 |     158 |  12.8 |      23 |       2 |   8.0
        D:8 |    1163 |       0 |   0.0 |      31 |       0 |   0.0
        D:9 |     871 |       0 |   0.0 |       6 |       0 |   0.0
            +---------+---------+-------+---------+---------+-------
